 Dungeon Crawl Stone Soup version 0.18.1-51-gd549091e01 (webtiles) character file.

59204 mopl the Convoker (level 14, -7/82 HPs)
             Began as a Deep Elf Summoner on July 18, 2019.
             Was the Champion of Sif Muna.
             Killed from afar by a deep elf mage (9 damage)
             ... with a bolt of negative energy
             ... on level 2 of the Orcish Mines on Nov 29, 2019.
             The game lasted 02:07:15 (30615 turns).

mopl the Convoker (Deep Elf Summoner)              Turns: 30615, Time: 02:07:16

Health: -7/82      AC: 18    Str: 10    XL:     14   Next: 52%
Magic:  30/42      EV: 16    Int: 31    God:    Sif Muna [******]
Gold:   327        SH:  5    Dex: 17    Spells: 10 memorised, 6 levels left

rFire  . . .     SeeInvis .     a - +4 spear (flame)
rCold  + . .     Gourm    .     v - +5 ring mail of the Nightingale {rPois Regen+}
rNeg   + . .     Faith    .     h - +0 buckler {rC+}
rPois  +         Spirit   .     i - +0 helmet {Int+3}
rElec  .         Dismiss  .     y - +2 cloak
rCorr  .         Reflect  .     t - +0 pair of gloves of Vyr Zoq {Str+4 Dex+2} (curse)
SustAt .         Harm     .     e - +2 pair of boots
MR     ++...                    O - amulet of regeneration
Stlth  +++.......               u - +3 ring of evasion
                                X - ring of Freedom {rN+ MR+ MP+9 Int+3 Stlth+, =R}

@: drained, very resistant to hostile enchantments, fairly stealthy
A: repulsion field 1
a: Channel Energy, Forget Spell, Renounce Religion


You were on level 2 of the Orcish Mines.
You worshipped Sif Muna.
Sif Muna was exalted by your worship.
You were not hungry.

You visited 6 branches of the dungeon, and saw 28 of its levels.
You also visited: Ossuary and Ice Cave.

You collected 2442 gold pieces.
You spent 2115 gold pieces at shops.

Inventory:

Hand Weapons
 a - a +4 spear of flaming (weapon)
Missiles
 F - 4 throwing nets (quivered)
Armour
 e - a +2 pair of boots (worn)
 h - a +0 buckler of cold resistance (worn)
 i - a +0 helmet of intelligence (worn)
 t - the cursed +0 pair of gloves of Vyr Zoq (worn) {Str+4 Dex+2}
   (You found it on level 2 of the Lair of Beasts)

   It affects your strength (+4).
   It affects your dexterity (+2).
   It has a curse placed upon it.
 v - the +5 ring mail of the Nightingale (worn) {rPois Regen+}
   (You found it on level 12 of the Dungeon)

   It protects you from poison.
   It increases your rate of regeneration.
 y - a +2 cloak (worn)
Magical Staves
 b - an uncursed staff of energy {!a}
Jewellery
 u - a +3 ring of evasion (right hand)
 O - an amulet of regeneration (around neck)
 X - the ring of Freedom (left hand) {rN+ MR+ MP+9 Int+3 Stlth+, =R}
   (You bought it in a shop on level 2 of the Orcish Mines)

   [ring of protection from magic]

   It affects your intelligence (+3).
   It protects you from negative energy.
   It affects your resistance to hostile enchantments.
   It affects your magic capacity (+9).
   It makes you more stealthy.
Wands
 d - a wand of iceblast (4/15)
 s - a wand of lightning (0/15)
 C - a wand of teleportation (6/9)
 K - a wand of flame (30/48)
 Q - a wand of digging (11/24)
 S - a wand of hasting (3/9)
Scrolls
 f - 9 scrolls of magic mapping
 l - 10 scrolls of teleportation
 m - 17 scrolls of remove curse
 p - 4 scrolls of recharging
 q - 3 scrolls of blinking {unknown}
 B - 3 scrolls of fear
 G - 4 scrolls of enchant weapon
 I - 3 scrolls of fog
 V - 3 scrolls of vulnerability
Potions
 g - 9 potions of curing
 j - 6 potions of agility
 n - 4 potions of haste
 o - 4 potions of lignification {!q}
 r - 3 potions of brilliance
 w - 2 potions of resistance
 z - 7 potions of flight
 A - 2 potions of cancellation
 H - 3 potions of ambrosia
 J - 2 potions of might
 R - a potion of magic
 W - 4 potions of heal wounds
 Z - a potion of berserk rage {!q}
Miscellaneous
 E - a phial of floods
 N - a stone of tremors
 T - a crystal ball of energy
 Y - a lamp of fire
Comestibles
 c - 13 bread rations
 k - 2 chunks of flesh


   Skills:
 + Level 7.5(6.7) Fighting
 + Level 3.7(2.9) Dodging
 - Level 2.4(1.6) Stealth
 - Level 4.0(3.2) Shields
 + Level 13.0(12.0) Spellcasting
 - Level 10.7(9.7) Hexes
 - Level 5.5(4.7) Charms
 + Level 15.3(14.3) Summonings
 + Level 9.0(8.1) Necromancy
 - Level 3.0(2.2) Translocations
 + Level 6.1(5.2) Ice Magic
 - Level 4.0(3.2) Air Magic
 + Level 9.4(8.5) Invocations


You had 6 spell levels left.
You knew the following spells:

 Your Spells              Type           Power        Failure   Level  Hunger
a - Summon Small Mammal   Summ           ####         1%          1    None
b - Call Imp              Summ           #######.     1%          2    None
c - Call Canine Familiar  Summ           #######.     1%          3    None
d - Summon Ice Beast      Ice/Summ       ######..     1%          4    None
e - Summon Forest         Summ/Tloc      ######....   10%         5    ##.....
f - Summon Lightning Spi  Summ/Air       ######..     1%          4    None
g - Summon Guardian Gole  Hex/Summ       #######.     1%          3    None
h - Simulacrum            Ice/Necr       ######....   80%         6    ####...
n - Swiftness             Chrm/Air       #####...     2%          2    None
r - Regeneration          Chrm/Necr      ######....   1%          3    None


Dungeon Overview and Level Annotations

Branches:
Dungeon (15/15)            Temple (1/1) D:7            Lair (8/8) D:11
  Swamp (0/4) Lair:4       Spider (0/4) Lair:3        Slime (1/6) Lair:7
    Orc (2/2) D:10            Elf (1/3) Orc:2        Vaults (0/5) D:14
 Depths (0/5) D:15

Altars:
Ashenzari
Dithmenos
Fedhas
Gozag
Kikubaaqudgha
Makhleb
Nemelex Xobeh
Okawaru
Pakellas
Qazlal
Ru
Sif Muna
Trog
Yredelemnul

Shops:
D:15 }   Orc:1 *   Orc:2 [[!=

Annotations:
Elf:1 Asterion


Innate Abilities, Weirdness & Mutations

You are surrounded by a mild repulsion field (EV +2).


Message History

Your dryad barely misses the deep elf mage.
Unknown command.
The deep elf mage hits you with a rapier.
Your ice beast closely misses the short sword of electrocution.
Your dryad hits the deep elf mage.
Unknown command.
Unknown command.
You swap places.
Tree limbs sway around you.
The short sword of electrocution hits you.
The deep elf mage closely misses your ice beast.
The short sword of electrocution hits you!
* * * LOW HITPOINT WARNING * * *
You are electrocuted!
* * * LOW HITPOINT WARNING * * *
The deep elf mage gestures at you while chanting.
The bolt of negative energy hits your ice beast.
Your ice beast is drained!
The bolt of negative energy hits you! You partially resist.
You feel drained.
You die...

##....# #....####
#♣.....#.##
###♣.........#
#♣♣#.....♣.#.#####
#♣...♣......##.#.##
##......♣..#))).[..
♣♣.......♣......[.).
####..@YeR...#....)[)(.
##.♣.♣.#(e.....♣.))...##
#♣.....Y......#[.))..))#
##.♣.....#....[..)).(.##
##♣##........♣)).....##
##.♣.......).....##
#............#..##.
##...............##
#.....[∩.......###


You could see 2 deep elf magi, a short sword of electrocution, a friendly dryad
and a friendly ice beast.

Vanquished Creatures
  2 hydras
  A skeletal warrior (D:14)
  A hill giant (D:13)
  A deep elf mage (D:15)
  A shining eye (Lair:7)
  A wizard (D:15)
  An ugly thing (D:15)
  A slime creature (D:14)
  A centaur skeleton (D:15)
  A freezing wraith (IceCv)
  A troll (Orc:2)
  The ghost of mopl the Caller, a novice DESu of Sif Muna (D:4)
  A blink frog (Lair:2)
  6 humans
  3 yaks
  A hungry ghost (D:13)
  A wyvern (D:13)
  2 hippogriffs
  A death yak simulacrum (IceCv)
  A porcupine (Lair:7)
  A water moccasin (Lair:7)
  An ice beast (D:13)
  A necrophage (D:14)
  An eye of draining (D:15)
  2 orc warriors
  A wasp (D:14)
  3 ogres
  A wolf (Lair:8)
  2 centaurs
  A phantom (D:5)
  2 crocodiles
  4 giant frogs
  A water moccasin zombie (Ossuary)
  A wyvern skeleton (D:13)
  2 wights (D:14)
  A killer bee (Lair:6)
  An electric eel (Lair:6)
  2 crimson imps
  3 orc wizards
  2 iguanas
  A worker ant (D:13)
  A troll simulacrum (IceCv)
  A hound skeleton (D:10)
  A gnoll (D:14)
  4 river rats
  A shadow imp (D:11)
  2 white imps (IceCv)
  An adder zombie (Ossuary)
  2 giant geckos
  8 orcs
  3 bats
  A giant cockroach (D:1)
  5 goblins
  8 hobgoblins
  4 jackals
  4 quokkas
  2 ball pythons (D:1)
  A giant gecko skeleton (D:5)
  A giant newt (D:2)
  3 kobolds (D:2)
  6 rats
  A rat zombie (D:6)
  2 plants (Lair:8)
125 creatures vanquished.

Vanquished Creatures (collateral kills)
  Gastronok (D:10)
  3 dire elephants (Lair:8)
  Harold (D:10)
  7 hydras
  Fannar (D:10)
  3 ogre magi
  Erica (D:11)
  5 centaur warriors
  5 death yaks (Lair:8)
  A dancing weapon (Orc:2)
  An anaconda (Lair:8)
  A tengu warrior (D:15)
  2 deep trolls (Orc:2)
  3 unseen horrors
  A giant orange brain (D:14)
  A deep elf archer (Elf:1)
  Pikel (D:6)
  7 hill giants
  6 deep elf magi
  An orc sorcerer (Orc:2)
  A necromancer (IceCv)
  3 orc knights
  6 ugly things
  3 griffons
  4 cyclopes
  16 elephants
  An ice statue (IceCv)
  2 black mambas
  2 gargoyles
  Psyche (D:10)
  A naga mage (D:15)
  2 kobold demonologists
  10 spiny frogs
  4 molten gargoyles
  3 rime drakes
  9 freezing wraiths (IceCv)
  7 komodo dragons
  2 efreet
  12 trolls
  10 two-headed ogres
  5 polar bears
  A queen bee (Lair:6)
  3 slime creatures (D:14)
  6 blink frogs
  A boulder beetle (Lair:6)
  Prince Ribbit (D:5)
  Eustachio (D:5)
  A hornet zombie (D:12)
  4 shadows
  A wyvern (D:12)
  37 yaks
  7 spriggans
  A vampire (D:14)
  10 humans
  3 vampire mosquitoes (D:14)
  2 basilisks
  8 hippogriffs
  A fire elemental (Lair:2)
  A redback simulacrum (D:15)
  4 hungry ghosts
  2 wargs
  Menkaure (D:5)
  4 insubstantial wisps (Lair:4)
  Duvessa (D:5)
  8 porcupines
  14 water moccasins
  19 orc warriors
  6 ice beasts (IceCv)
  6 black bears (Lair:1)
  A wasp (D:8)
  A necrophage (D:7)
  24 ogres
  3 slaves (D:6)
  4 phantoms
  19 wolves
  11 crocodiles
  8 centaurs
  15 giant frogs
  2 water moccasin zombies (Ossuary)
  A scorpion (D:8)
  A wyvern skeleton (D:11)
  Dowan (D:5)
  An elephant simulacrum (IceCv)
  A water moccasin skeleton (D:6)
  35 killer bees
  3 wights (D:14)
  An electric eel (Lair:2)
  3 howler monkeys
  8 crimson imps
  4 centaur zombies
  A wasp zombie (D:14)
  2 draconian simulacra (IceCv)
  2 quasits
  2 giant frog zombies
  12 orc priests
  Crazy Yiuf (D:3)
  10 hounds
  10 iguanas
  A jelly (D:10)
  6 centaur skeletons
  Jessica (D:3)
  5 giant frog skeletons
  Natasha (twice) (D:3)
  17 orc wizards
  11 worker ants
  3 spriggan simulacra (IceCv)
  4 troll simulacra (IceCv)
  2 wolf simulacra (IceCv)
  29 sheep
  A big kobold zombie (Ossuary)
  6 centaur simulacra (IceCv)
  A hound zombie (D:5)
  2 mummies (Ossuary)
  A worker ant zombie (D:5)
  8 gnolls
  3 ogre simulacra (IceCv)
  6 adders
  A naga simulacrum (IceCv)
  89 river rats
  10 white imps (IceCv)
  7 adder zombies
  A worm (D:2)
  2 giant geckos (D:7)
  66 orcs
  4 goblins
  14 jackals
  A kobold (D:3)
  4 quokkas
  3 giant newts
  A hobgoblin zombie (Ossuary)
  A kobold zombie (Ossuary)
  6 orc zombies (Ossuary)
  20 rats (D:2)
  A butterfly (Lair:3)
  3 fungi
  3 plants
843 creatures vanquished.

Vanquished Creatures (others)
  Rupert (D:14)
  Maud (D:11)
  A cyclops (D:11)
  2 elephants (Lair:5)
  A gargoyle (D:10)
  A yak (Lair:6)
  17 fungi
  6 plants
  2 snaplasher vines
  1155 snaplasher vine segments
1187 creatures vanquished.

Grand Total: 2155 creatures vanquished

Notes
Turn   | Place    | Note
--------------------------------------------------------------
     0 | D:1      | mopl the Deep Elf Summoner began the quest for the Orb.
     0 | D:1      | Reached XP level 1. HP: 10/10 MP: 6/6
   197 | D:1      | Reached XP level 2. HP: 14/15 MP: 5/8
   201 | D:1      | Learned a level 2 spell: Call Imp
   612 | D:2      | Reached skill level 4 in Spellcasting
   633 | D:2      | Reached XP level 3. HP: 14/19 MP: 3/10
   636 | D:2      | Reached skill level 5 in Summonings
   638 | D:2      | Learned a level 3 spell: Call Canine Familiar
   830 | D:2      | Found an iron altar of Okawaru.
  1296 | D:2      | Reached XP level 4. HP: 18/24 MP: 8/12
  1616 | D:3      | Found a shattered altar of Ashenzari.
  1621 | D:3      | Found a sacrificial altar of Ru.
  1735 | D:3      | Learned a level 4 spell: Summon Ice Beast
  1779 | D:3      | Reached skill level 5 in Spellcasting
  2042 | D:3      | Noticed Natasha
  2047 | D:3      | Killed Natasha
  2047 | D:3      | Reached XP level 5. HP: 28/28 MP: 8/14
  2061 | D:3      | Learned a level 4 spell: Summon Lightning Spire
  2102 | D:3      | Noticed Jessica
  2135 | D:3      | Killed Jessica
  2135 | D:3      | Reached skill level 1 in Ice Magic
  2163 | D:3      | Reached skill level 1 in Air Magic
  2193 | D:3      | Noticed Crazy Yiuf
  2199 | D:3      | Killed Crazy Yiuf
  2322 | D:3      | Noticed Natasha
  2329 | D:3      | Killed Natasha
  2468 | D:4      | Reached skill level 6 in Summonings
  2538 | D:4      | Noticed a phantom
  2566 | D:4      | Killed a phantom
  2566 | D:4      | Reached skill level 2 in Ice Magic
  2566 | D:4      | Reached XP level 6. HP: 32/32 MP: 14/16
  2645 | D:4      | Reached skill level 6 in Spellcasting
  2666 | D:4      | Learned a level 3 spell: Summon Guardian Golem
  2976 | D:4      | Reached skill level 1 in Hexes
  2976 | D:4      | Reached skill level 2 in Air Magic
  3257 | D:4      | Noticed mopl's ghost (novice DESu)
  3275 | D:4      | Killed mopl's ghost
  3275 | D:4      | Reached skill level 3 in Ice Magic
  3275 | D:4      | Reached XP level 7. HP: 36/36 MP: 2/18
  3285 | D:4      | Found a burning altar of Makhleb.
  3470 | D:5      | Entered Level 5 of the Dungeon
  3502 | D:5      | Noticed Duvessa
  3502 | D:5      | Noticed Dowan
  3519 | D:5      | Reached skill level 2 in Hexes
  3524 | D:5      | Killed Dowan
  3524 | D:5      | Reached skill level 7 in Summonings
  3646 | D:5      | Noticed Prince Ribbit
  3661 | D:5      | Killed Prince Ribbit
  3665 | D:5      | Noticed Menkaure
  3682 | D:5      | Killed Menkaure
  3951 | D:5      | Noticed Eustachio
  3964 | D:5      | Reached skill level 3 in Air Magic
  3987 | D:5      | Killed Eustachio
  3987 | D:5      | Reached skill level 3 in Hexes
  4009 | D:5      | Reached skill level 4 in Ice Magic
  4192 | D:4      | Reached XP level 8. HP: 41/42 MP: 7/19
  4273 | D:5      | Killed Duvessa
  4277 | D:5      | Got a slimy dagger {flame}
  4359 | D:5      | Identified the +5 dagger of the Tundras {flame, +Fly Str+4} (You took it off Duvessa on level 5 of the Dungeon)
  4477 | D:5      | Reached skill level 1 in Fighting
  4775 | D:5      | Reached skill level 4 in Hexes
  4775 | D:5      | Reached skill level 8 in Summonings
  5028 | D:6      | Found a sand-covered staircase.
  5037 | Ossuary  | Entered an ossuary
  5160 | Ossuary  | Reached skill level 4 in Air Magic
  5321 | D:6      | Noticed Pikel
  5691 | D:6      | Killed Pikel
  5691 | D:6      | Reached skill level 2 in Fighting
  5691 | D:6      | Reached skill level 1 in Shields
  5691 | D:6      | Reached skill level 7 in Spellcasting
  5691 | D:6      | Reached skill level 5 in Hexes
  5872 | D:7      | Reached XP level 9. HP: 35/48 MP: 13/21
  6003 | D:7      | Noticed a hill giant
  6012 | D:7      | Killed a hill giant
  6012 | D:7      | Reached skill level 9 in Summonings
  6042 | D:7      | Found a sparkling altar of Nemelex Xobeh.
  6139 | D:7      | Found an ancient bone altar of Kikubaaqudgha.
  6219 | D:7      | Found a staircase to the Ecumenical Temple.
  6245 | Temple   | Entered the Ecumenical Temple
  6270 | Temple   | Became a worshipper of Sif Muna the Loreminder
  6794 | D:8      | Reached skill level 2 in Shields
  6794 | D:8      | Reached skill level 6 in Hexes
  6842 | D:8      | Reached skill level 1 in Invocations
  6944 | D:8      | Found a stormy altar of Qazlal.
  6944 | D:8      | Found an oddly glowing altar of Pakellas.
  7129 | D:8      | Reached skill level 3 in Fighting
  7239 | D:8      | Reached skill level 8 in Spellcasting
  7405 | D:9      | Noticed a kobold demonologist
  7417 | D:9      | Killed a kobold demonologist
  7417 | D:9      | Reached skill level 2 in Invocations
  7544 | D:9      | Reached skill level 10 in Summonings
  7680 | D:9      | Reached * piety under Sif Muna
  8055 | D:10     | Entered Level 10 of the Dungeon
  8207 | D:10     | Found a staircase to the Orcish Mines.
  8235 | D:10     | Reached XP level 10. HP: 42/56 MP: 9/24
  8386 | D:10     | Learned a level 3 spell: Regeneration
  8412 | D:10     | Noticed a gargoyle
  8430 | D:10     | Killed a gargoyle
  8569 | D:10     | Noticed Harold
  8592 | D:10     | Killed Harold
  8592 | D:10     | Reached skill level 3 in Shields
  8592 | D:10     | Reached skill level 1 in Charms
  8642 | D:10     | Noticed Gastronok
  8876 | D:10     | Noticed a hill giant
  8892 | D:10     | Killed a hill giant
  8892 | D:10     | Reached skill level 1 in Necromancy
  8948 | D:10     | Noticed Psyche
  8957 | D:10     | Killed Psyche
  8957 | D:10     | Reached skill level 3 in Invocations
  9115 | D:10     | Noticed Fannar
  9360 | D:10     | Killed Gastronok
  9360 | D:10     | Reached ** piety under Sif Muna
  9360 | D:10     | Reached skill level 7 in Hexes
  9360 | D:10     | Reached skill level 2 in Charms
  9674 | D:11     | Reached skill level 2 in Necromancy
  9887 | D:11     | Noticed Maud
  9902 | D:11     | Killed Maud
  9902 | D:11     | Reached skill level 9 in Spellcasting
  9902 | D:11     | Reached skill level 3 in Charms
  9902 | D:11     | Reached skill level 11 in Summonings
 10021 | D:11     | Noticed a red ugly thing
 10031 | D:11     | Killed a red ugly thing
 10031 | D:11     | Reached skill level 4 in Fighting
 10031 | D:11     | Reached skill level 4 in Invocations
 10166 | D:11     | Noticed a gargoyle
 10168 | D:11     | Reached skill level 3 in Necromancy
 10186 | D:11     | Killed a gargoyle
 10378 | D:11     | Reached XP level 11. HP: 61/61 MP: 18/26
 10980 | D:10     | Reached skill level 4 in Charms
 11257 | D:11     | Noticed a hill giant
 11264 | D:11     | Killed a hill giant
 11264 | D:11     | Reached *** piety under Sif Muna
 11308 | D:11     | Reached skill level 8 in Hexes
 11598 | D:12     | Got a spiked ring mail
 11604 | D:12     | Identified the +5 ring mail of the Nightingale {rPois Regen+} (You found it on level 12 of the Dungeon)
 11624 | D:12     | Reached skill level 4 in Shields
 11639 | D:12     | Learned a level 2 spell: Swiftness
 12606 | D:11     | Noticed Erica
 12619 | D:11     | Found a staircase to the Lair.
 12801 | Lair:1   | Entered Level 1 of the Lair of Beasts
 12921 | D:11     | Killed Erica
 12921 | D:11     | Reached skill level 4 in Necromancy
 13343 | Lair:1   | Reached skill level 5 in Invocations
 13588 | Lair:1   | Reached **** piety under Sif Muna
 13588 | Lair:1   | Reached skill level 12 in Summonings
 14123 | Lair:2   | Noticed a five-headed hydra
 14327 | Lair:2   | Killed a five-headed hydra
 14436 | Lair:2   | Got a pair of steaming gloves
 14447 | Lair:2   | Identified the cursed +0 pair of gloves of Vyr Zoq {Str+4 Dex+2} (You found it on level 2 of the Lair of Beasts)
 14576 | Lair:2   | Reached skill level 10 in Spellcasting
 14918 | Lair:3   | Found a hole to the Spider Nest.
 14986 | Lair:3   | Reached skill level 9 in Hexes
 15016 | Lair:3   | Reached ***** piety under Sif Muna
 15153 | Lair:3   | Reached skill level 5 in Charms
 15170 | Lair:3   | Reached skill level 5 in Fighting
 15507 | Lair:3   | Noticed a four-headed hydra
 15519 | Lair:3   | Killed a four-headed hydra
 15519 | Lair:3   | Reached skill level 5 in Necromancy
 15794 | Lair:4   | Found a staircase to the Swamp.
 15834 | Lair:4   | Noticed a four-headed hydra
 15883 | Lair:4   | Killed a four-headed hydra
 15883 | Lair:4   | Reached XP level 12. HP: 68/68 MP: 4/28
 15922 | Lair:4   | Found a frozen archway.
 15933 | IceCv    | Entered an ice cave
 16742 | IceCv    | Reached skill level 6 in Invocations
 16775 | IceCv    | Found an ancient bone altar of Kikubaaqudgha.
 17784 | Lair:4   | Reached skill level 13 in Summonings
 18670 | Lair:5   | Reached skill level 6 in Necromancy
 18682 | Lair:5   | Reached ****** piety under Sif Muna
 18826 | Lair:5   | Received a gift from Sif Muna
 18826 | Lair:5   | Reached skill level 11 in Spellcasting
 18827 | Lair:5   | Identified Sif Muna's Almanac of Blows and Bruises and Shape Shifting (Sif Muna gifted it to you on level 5 of the Lair of Beasts)
 19281 | Lair:6   | Noticed an eight-headed hydra
 19294 | Lair:6   | Killed an eight-headed hydra
 19595 | Lair:6   | Noticed a seven-headed hydra
 19615 | Lair:6   | Killed a seven-headed hydra
 19615 | Lair:6   | Reached skill level 10 in Hexes
 19615 | Lair:6   | Reached skill level 7 in Invocations
 19688 | Lair:6   | Reached skill level 6 in Fighting
 20960 | Lair:7   | Got a smoking ring mail
 20978 | Lair:7   | Gained mutation: You are surrounded by a mild repulsion field (EV +2). [potion of beneficial mutation]
 20989 | Lair:7   | Identified the +2 ring mail "Tynibb Aliuth" {MR- Str+3 Int+3 SInv} (You found it on level 7 of the Lair of Beasts)
 21022 | Lair:7   | Found a staircase to the Slime Pits.
 21236 | Lair:7   | Reached XP level 13. HP: 74/74 MP: 23/30
 21562 | Slime:1  | Entered Level 1 of the Pits of Slime
 21562 | Slime:1  | Noticed an acid blob
 21562 | Slime:1  | Noticed an acid blob
 21602 | Lair:8   | Entered Level 8 of the Lair of Beasts
 21610 | Lair:8   | Reached skill level 5 in Ice Magic
 21779 | Lair:8   | Reached skill level 14 in Summonings
 21886 | Lair:8   | Reached skill level 7 in Necromancy
 22976 | Lair:8   | Noticed a dire elephant
 23005 | Lair:8   | Killed a dire elephant
 23121 | Lair:8   | Noticed a dire elephant
 23121 | Lair:8   | Noticed a dire elephant
 23160 | Lair:8   | Killed a dire elephant
 23160 | Lair:8   | Received a gift from Sif Muna
 23275 | Lair:8   | Noticed a dire elephant
 23298 | Lair:8   | Killed a dire elephant
 23491 | Lair:1   | Learned a level 5 spell: Summon Forest
 23694 | D:10     | Killed Fannar
 23743 | Orc:1    | Entered Level 1 of the Orcish Mines
 23751 | Orc:1    | Found Fuqaed's Assorted Antiques.
 23873 | Orc:1    | Bought a scroll of teleportation for 90 gold pieces
 23873 | Orc:1    | Bought a scroll of teleportation for 90 gold pieces
 23995 | Orc:2    | Entered Level 2 of the Orcish Mines
 25276 | Orc:2    | Reached skill level 1 in Translocations
 25334 | Orc:2    | Reached skill level 6 in Ice Magic
 25375 | Orc:2    | Reached skill level 12 in Spellcasting
 25376 | Orc:2    | Reached skill level 8 in Invocations
 25521 | Orc:2    | Found Aficsaxe's Distillery.
 25567 | Orc:2    | Reached skill level 8 in Necromancy
 25605 | Orc:2    | Found a staircase to the Elven Halls.
 25605 | Orc:2    | Found Koygiat's Antique Armour Shop.
 25621 | Orc:2    | Found Viesm's Jewellery Emporium.
 25626 | Orc:2    | Bought a potion of curing for 42 gold pieces
 25672 | Orc:2    | Bought a pair of runed boots for 108 gold pieces
 25685 | Orc:2    | Found Taleen's Antique Armour Boutique.
 25691 | Orc:2    | Bought a cursed ring of teleportation for 76 gold pieces
 25908 | Orc:2    | Bought the ring of Freedom {rN+ MR+ MP+9 Int+3 Stlth+} for 770 gold pieces
 25917 | Orc:2    | Bought a creamy pearl robe for 136 gold pieces
 25927 | Orc:2    | Identified the +1 robe "Muoklynu" {-Cast rF+ MR+ Str+6} (You bought it in a shop on level 2 of the Orcish Mines)
 25950 | Orc:2    | Bought a runed helmet for 103 gold pieces
 25971 | Orc:2    | Bought a potion of resistance for 140 gold pieces
 25971 | Orc:2    | Bought a potion of heal wounds for 70 gold pieces
 25971 | Orc:2    | Bought a potion of heal wounds for 70 gold pieces
 25971 | Orc:2    | Bought 2 potions of heal wounds for 140 gold pieces
 25971 | Orc:2    | Bought a potion of haste for 140 gold pieces
 25971 | Orc:2    | Bought a potion of resistance for 140 gold pieces
 26335 | D:13     | Reached skill level 2 in Translocations
 26991 | D:14     | Found a gate to the Vaults.
 27342 | D:14     | Reached XP level 14. HP: 62/80 MP: 10/32
 27576 | D:14     | Reached skill level 7 in Fighting
 27865 | D:14     | Received a gift from Sif Muna
 27865 | D:14     | Reached skill level 15 in Summonings
 27866 | D:14     | Identified Sif Muna's Reference Book on Dark Magic and Malediction (Sif Muna gifted it to you on level 14 of the Dungeon)
 28726 | D:14     | Reached skill level 3 in Translocations
 28872 | D:14     | Noticed Rupert
 29009 | D:14     | Killed Rupert
 29009 | D:14     | Reached skill level 9 in Necromancy
 29035 | D:14     | Found a shadowy altar of Dithmenos.
 29102 | D:15     | Entered Level 15 of the Dungeon
 29205 | D:15     | Got a brightly glowing spear
 29206 | D:15     | Identified the +0 spear of Theory {pierce, Dex+5} (You found it on level 15 of the Dungeon)
 29236 | D:15     | Reached skill level 9 in Invocations
 29668 | D:15     | Reached skill level 3 in Dodging
 29704 | D:15     | Found a staircase to the Depths.
 29711 | D:15     | Reached skill level 13 in Spellcasting
 29781 | D:15     | Found Deemekh's Gadget Emporium.
 30129 | Lair:1   | Learned a level 6 spell: Simulacrum
 30130 | Lair:1   | Upgraded the game from 0.18.1-50-g88ac8fd to 0.18.1-51-gd549091e01
 30333 | Elf:1    | Entered Level 1 of the Elven Halls
 30333 | Elf:1    | Noticed Asterion
 30615 | Orc:2    | HP: 2/82 [short sword of electrocution (18)]
 30615 | Orc:2    | Killed from afar by a deep elf mage

Skill      XL: |  1  2  3  4  5  6  7  8  9 10 11 12 13 14 |
---------------+-------------------------------------------+-----
Spellcasting   | 4 5 6 7 8 9 10 11 12 13 | 13.0
Summonings     | 5 6 7 8 10 11 12 13 14 15 | 15.3
Ice Magic      | 2 3 4 6 |  6.1
Air Magic      | 1 2 3 4 |  4.0
Hexes          | 1 3 5 6 7 9 10 | 10.7
Fighting       | 2 3 4 5 6 7 |  7.5
Shields        | 1 2 3 4 |  4.0
Invocations    | 2 4 5 7 8 9 |  9.4
Charms         | 3 5 |  5.5
Necromancy     | 3 5 6 8 9 |  9.0
Translocations | 2 3 |  3.0
Dodging        | 3 |  3.7
Stealth        | |  2.4

Action                   |  1- 3 |  4- 6 |  7- 9 | 10-12 | 13-15 || total
-------------------------+-------+-------+-------+-------+-------++-------
Melee: Dagger            |    95 |     1 |       |       |       ||    96
       Unarmed           |     1 |       |       |       |       ||     1
       Spear             |       |    88 |   328 |   880 |   925 ||  2221
 Cast: Summon Small Mamm |     8 |       |       |       |       ||     8
       Call Imp          |    15 |    18 |     6 |     9 |     3 ||    51
       Call Canine Famil |     5 |    14 |    36 |    86 |    65 ||   206
       Summon Lightning  |       |     1 |    13 |    50 |    30 ||    94
       Summon Ice Beast  |       |     3 |    41 |   208 |   180 ||   432
       Summon Guardian G |       |       |     4 |    33 |    25 ||    62
       Regeneration      |       |       |       |    10 |    19 ||    29
       Summon Forest     |       |       |       |       |    18 ||    18
Invok: Channel Energy    |       |       |       |    82 |   128 ||   210
Evoke: Wand              |       |       |     1 |     1 |     3 ||     5
       Staff of energy   |       |       |     1 |       |       ||     1
       Lamp of fire      |       |       |       |     1 |       ||     1
  Use: Scroll            |       |       |     9 |    11 |    12 ||    32
       Potion            |       |       |     1 |     1 |     2 ||     4
 Stab: Sleeping          |     4 |       |    10 |     4 |     4 ||    22
       Distracted        |       |     2 |     3 |    16 |    13 ||    34
  Eat: Chunk             |     2 |     6 |    21 |    41 |    43 ||   113
       Beef jerky        |       |       |     1 |     5 |       ||     6
       Fruit             |       |       |       |     5 |     1 ||     6
       Bread ration      |       |       |       |     1 |     2 ||     3
       Pizza             |       |       |       |     1 |     1 ||     2
Armor: Robe              |    28 |    21 |    46 |    20 |       ||   115
       Ring mail         |       |       |       |   199 |   230 ||   429
Dodge: Dodged            |    69 |    35 |   142 |   413 |   400 ||  1059
Block: Other             |       |       |    15 |       |       ||    15
       Buckler           |       |       |     5 |   185 |   161 ||   351
       Reflection        |       |       |       |     3 |       ||     3
